[Event "*** Titled Tuesday Blitz"]
[Site "Chess.com"]
[Date "2021.02.09"]
[Round "3"]
[White "PLAYER_2006_M"]
[Black "fabianvivasz"]
[Result "1-0"]
[WhiteElo "2524"]
[BlackElo "2333"]
[TimeControl "180+1"]
[EndTime "10:27:18 PST"]
[Termination "PLAYER_2006_M won on time"]

1. d4 Nf6 2. Nc3 d5 3. Bf4 a6 4. e3 e6 5. g4 c5 6. g5 Nfd7 7. Bg2 Nc6 8. Nf3 Nb6 9. O-O Bd6 10. Ne2 h6 11. g6 fxg6 12. Bxd6 Qxd6 13. Nf4 O-O 14. Nxg6 Rf6 15. Nfe5 Nd7 16. f4 Kh7 17. Qd3 c4 18. Nf8+ Kg8 19. Qh7+ Kxf8 20. Qh8+ Ke7 21. Qxg7+ Ke8 22. Nxd7 Rf7 23. Qg8+ Ke7 24. Ne5 Rf8 25. Qg7+ Ke8 26. Bf3 Qe7 27. Bh5+ Kd8 28. Qxe7+ Nxe7 29. Kf2 Kc7 30. Rg1 Kd6 31. Rg7 Nf5 32. Rh7 b5 33.
Rg1 a5 34. Bg6 Ba6 35. Bxf5 exf5 36. Rgg7 Rae8 37. Rg6+ 1-0

[Event "*** Titled Tuesday Blitz"]
[Site "Chess.com"]
[Date "2021.02.09"]
[Round "3"]
[White "mr65"]
[Black "kobemagic"]
[Result "1-0"]
[WhiteElo "2114"]
[BlackElo "2307"]
[TimeControl "180+1"]
[EndTime "10:27:23 PST"]
[Termination "mr65 won by resignation"]

1. e4 Nf6 2. e5 Nd5 3. d4 d6 4. Nf3 dxe5 5. Nxe5 c6 6. Be2 Bf5 7. O-O Nd7 8. Nxd7 Qxd7 9. a3 e6 10. c4 Nf6 11. Nc3 Bd6 12. Bg5 Ne4 13.
Nxe4 Bxe4 14. Bf3 Bxf3 15. Qxf3 O-O 16. Rad1 Be7 17. Bxe7 Qxe7 18. Rfe1 Qg5 19. d5 cxd5 20. cxd5 exd5 21. Rxd5 Qg6 22. Red1 h6 23. h4 Rfe8 24. h5 Qc2 25. Rd7 Rf8 26. Rxb7 a5 27. Rdd7 Qc4 28. Rbc7 Qe6 29. Rxf7 Rxf7 30. Rxf7 Qxf7 31.
Qxa8+ Kh7 32. Qxa5 Qxh5 33. Qd2 Qa5 34. Qxa5 1-0

[Event "*** Titled Tuesday Blitz"]
[Site "Chess.com"]
[Date "2021.02.09"]
[Round "3"]
[White "Irina_Baraeva"]
[Black "Maksimus1998"]
[Result "0-1"]
[WhiteElo "2239"]
[BlackElo "2497"]
[TimeControl "180+1"]
[EndTime "10:27:28 PST"]
[Termination "Maksimus1998 won by resignation"]

1. d4 d5 2. Nf3 Bf5 3. c4 e6 4.
Nc3 c6 5. Bf4 Nd7 6. e3 Ngf6 7.
Bd3 Bg6 8. O-O Be7 9. Re1 O-O 10. e4 dxe4 11. Nxe4 Nxe4 12. Bxe4 Bxe4 13. Rxe4 Nf6 14. Re2 c5 15. d5 exd5 16. cxd5 Bd6 17. Bg5 h6 18. Bh4 g5 19. Bg3 Bxg3 20. hxg3 Qxd5 21. Qc2 Rfe8 22. Rd2 Qc6 23. Rad1 Re6 24. b3 Rae8 25. Qf5 b6 26. Nh2 Qe4 27. Qxe4 Nxe4 28. Rd8 Nc3 29. Rxe8+ Rxe8 30. Ra1 Re2 31. a3 f5 32. Nf1 Ne4 33.
f3 Nc3 34. b4 c4 35. Rc1 Nb5 36. Rxc4 Nxa3 37. Rc8+ Kf7 38. Rc7+ Re7 39. Rxa7 Rxa7 40.
Ne3 Kg6 0-1

[Event "*** Titled Tuesday Blitz"]
[Site "Chess.com"]
[Date "2021.02.09"]
[Round "3"]
[White "Dahamdi_Sanudula"]
[Black "MF1966Idrisov"]
[Result "0-1"]
[WhiteElo "1679"]
[BlackElo "2396"]
[TimeControl "180+1"]
[EndTime "10:27:30 PST"]
[Termination "MF1966Idrisov won by resignation"]

1. d4 d6 2. e3 f5 3. Bd3 Nf6 4. f4 Nc6 5. Nf3 e6 6. O-O Be7 7. Nbd2 d5 8. Ne5 Nxe5 9. fxe5 Ne4 10. c3 O-O 11. Nxe4 fxe4 12. Bc2 Rxf1+ 13. Qxf1 c5 14. Bd2 Qb6 15. Rb1 Bd7 16. Bd1 Rf8 17. Qe1 Bb5 18.
Be2 Bd3 19. Bxd3 exd3 20. Qd1 a5 21. b3 Qa6 22. Be1 Rc8 23. Rc1 c4 24. bxc4 dxc4 25. e4 b5 26. Rb1 b4 27. cxb4 axb4 28. Bxb4 Bxb4 29. Rxb4 c3 30. Qc1 c2 31. Rb2 d2 0-1

[Event "*** Titled Tuesday Blitz"]
[Site "Chess.com"]
[Date "2021.02.09"]
[Round "3"]
[White "anon481216"]
[Black "sara_khm"]
[Result "0-1"]
[WhiteElo "2475"]
[BlackElo "2702"]
[TimeControl "180+1"]
[EndTime "10:27:31 PST"]
[Termination "sara_khm won by resignation"]

1. d4 Nf6 2. c4 e6 3. g3 c5 4.
d5 exd5 5. cxd5 d6 6. Nf3 g6 7. Bg2 Bg7 8. Nc3 O-O 9. O-O Nbd7 10. a4 a6 11. Nd2 Re8 12. h3 Rb8 13. Nc4 Ne5 14. Na3 Nh5 15. e4 b6 16. Kh2 Nd7 17. f4 Nf8 18. Nc4 b5 19. axb5 axb5 20. Nxb5 Rxb5 21.
g4 Nf6 22. e5 dxe5 23. fxe5 N6d7 24. Rxf7 Kxf7 25. Nd6+ Kg8 26. Nxb5 Bxe5+ 27. Kh1 Qh4 28. d6 Qg3 29. Kg1 Ne6 30. Ra3 Qh2+ 31. Kf1 Rf8+ 32. Rf3 Ba6 33. Rxf8+ Ndxf8 34. Qa4 Bxb5+ 35. Qxb5 Bxd6 36. Bh6 Qe5 37. Qb3 Qf6+ 38. Kg1 g5 39. Bxf8 Kxf8 40. Qd5 Qd4+ 41. Qxd4 Nxd4 0-1

[Event "*** Titled Tuesday Blitz"]
[Site "Chess.com"]
[Date "2021.02.09"]
[Round "3"]
[White "GoltsevDmitry2000"]
[Black "AldokhinIvan"]
[Result "1-0"]
[WhiteElo "2720"]
[BlackElo "2483"]
[TimeControl "180+1"]
[EndTime "10:27:32 PST"]
[Termination "GoltsevDmitry2000 won by resignation"]

1. c4 Nf6 2. g3 g6 3. Bg2 Bg7 4. Nc3 d6 5. Nf3 O-O 6. d4 Nc6 7. O-O Bf5 8. d5 Na5 9. Nd4 Bd7 10. b3 c5 11. dxc6 Nxc6 12. Bb2 Qa5 13. e3 h5 14. Qe2 h4 15. gxh4 Nh5 16. Nd5 Nxd4 17. Nxe7+ Kh7 18. Bxd4 Bxd4 19. exd4 Rae8 20. Rae1 Be6 21. d5 Rxe7 22. dxe6 Rxe6 23. Qd1 Rfe8 24. Rxe6 Rxe6 25. Qd5 Qxa2 26. Qxb7 Nf4 27. Qxf7+ Kh8 28. Qxf4 1-0

[Event "*** Titled Tuesday Blitz"]
[Site "Chess.com"]
[Date "2021.02.09"]
[Round "3"]
[White "FGHSMN"]
[Black "1800_strength"]
[Result "1-0"]
[WhiteElo "2632"]
[BlackElo "2415"]
[TimeControl "180+1"]
[EndTime "10:27:32 PST"]
[Termination "FGHSMN won by resignation"]

1. e4 d5 2. exd5 Qxd5 3. Nc3 Qe5+ 4. Be2 Bg4 5. d4 Bxe2 6. Ngxe2 Qd6 7. Bf4 Qd7 8. O-O Nf6 9. d5 g6 10. Nd4 Bg7 11.
Ndb5 Na6 12. Qf3 O-O 13. Rad1 c6 14. dxc6 Qxc6 15. Qxc6 bxc6 16. Nd4 Rac8 17. Rfe1 Rfe8 18. Be5 e6 19. Nb3 Nd5 20. Bxg7 Kxg7 21. Ne4 Rb8 22. c4 Nb6 23. Nd6 Red8 24. Na5 Rd7 25. Nxc6 Ra8 26. b4 Kg8 27. c5 Nd5 28. a3 Nac7 29. Ne5 Re7 30. Rd3 a6 31. g3 Rb8 32. Nc6 Ree8 33.
Nxe8 Rxe8 34. Ne5 h5 35. Nc4 Rb8 36. Ne3 a5 37. Nxd5 Nxd5 38. bxa5 Ra8 39. c6 Rxa5 40. Rc1 Ra7 41. Rxd5 exd5 42. c7 1-0

[Event "*** Titled Tuesday Blitz"]
[Site "Chess.com"]
[Date "2021.02.09"]
[Round "3"]
[White "kuban1991"]
[Black "jkidjr22"]
[Result "1-0"]
[WhiteElo "2899"]
[BlackElo "2653"]
[TimeControl "180+1"]
[EndTime "10:27:33 PST"]
[Termination "kuban1991 won by resignation"]

1. Nf3 Nf6 2. g3 g6 3. Bg2 Bg7 4.
O-O O-O 5. c4 d5 6. cxd5 Nxd5 7.
Nc3 c5 8. d3 Nc6 9. Nxd5 Qxd5 10. Be3 Qd6 11. Rc1 b6 12. d4 cxd4 13. Nxd4 Nxd4 14. Bxa8 Ba6 15. Bxd4 Bxd4 16. Bf3 Bxb2 17. Qxd6 exd6 18. Rc7 Re8 19. Rxa7 Bc4 20. Rb1 Bd4 21. e3 Bc5 22. a4 b5 23. Rc7 bxa4 24. Bc6 Re5 25. Bxa4 h5 26. Bb3 Bxb3 27. Rxb3 h4 28. gxh4 Rf5 29. Kg2 Kg7 30. Rbb7 Rf6 31. Rd7 Rf5 32.
Kg3 Rf6 33. Re7 Rf5 34. Rbd7 Rf6 35. f4 Rf5 36. e4 Rf6 37. Kg4 Be3 38. f5 gxf5+ 39.
exf5 Bd4 40. h5 Be5 41. Kg5 Bc3 42. h6+ Kf8 43. h7 Kg7 44. Rxf7+ Rxf7 45. h8=Q+ Kxh8 46. Rxf7 1-0

[Event "*** Titled Tuesday Blitz"]
[Site "Chess.com"]
[Date "2021.02.09"]
[Round "3"]
[White "SKLGgonkom"]
[Black "CoachHakia"]
[Result "1-0"]
[WhiteElo "2338"]
[BlackElo "2140"]
[TimeControl "180+1"]
[EndTime "10:27:33 PST"]
[Termination "SKLGgonkom won by resignation"]

1. Nf3 Nf6 2. c4 e6 3. g3 c6 4. Bg2 Be7 5. O-O O-O 6. d4 d6 7. Nc3 Nbd7 8. e4 e5 9. h3 Qc7 10.
Re1 Re8 11. b3 Bf8 12. Be3 a5 13. a3 g6 14. g4 Bg7 15. Qd2 exd4 16. Bxd4 Ne5 17.
Nh2 h5 18. g5 Nh7 19. f4 Nd7 20. Bxg7 Kxg7 21. Kh1 Ndf8 22. Rad1 Be6 23. Qxd6 Qxd6 24. Rxd6 a4 25. Nxa4 Bxc4 26. Nb6 Bxb3 27. Nxa8 Rxa8 28. Rb1 Rxa3 29. Rd3 Bc2 30. Rxa3 Bxb1 31. Rb3 Bd3 32.
Rxd3 1-0

[Event "*** Titled Tuesday Blitz"]
[Site "Chess.com"]
[Date "2021.02.09"]
[Round "3"]
[White "agartha01"]
[Black "chessablanca"]
[Result "1-0"]
[WhiteElo "2308"]
[BlackElo "2490"]
[TimeControl "180+1"]
[EndTime "10:27:34 PST"]
[Termination "agartha01 won on time"]

1. d4 Nf6 2. Nf3 e6 3. Bf4 c5 4. c3 Nc6 5. e3 d5 6. Nbd2 Be7 7. Bd3 O-O 8. O-O h6 9. h3 b6 10. Qe2 Bb7 11. e4 dxe4 12. Nxe4 cxd4 13. Nxf6+ Bxf6 14. Qe4 g6 15. Bxh6 Re8 16. Qg4 dxc3 17. Bxg6 fxg6 18.
Qxg6+ Kh8 19. Ng5 Re7 20. Qxf6+ Kg8 21. Qg6+ Kh8 22. Nf7+ Rxf7 23. Qxf7 Qg8 24. Qxb7 cxb2 25. Qxc6 bxa1=Q 26. Rxa1 Rc8 27. Qe4 Qf7 28. Be3 Rf8 29. Rd1 Kg8 30. Qg4+ Kh8 31. Rd4 e5 32. Qh4+ Kg7 33. Rg4+ 1-0

[Event "*** Titled Tuesday Blitz"]
[Site "Chess.com"]
[Date "2021.02.09"]
[Round "3"]
[White "siciliannaga"]
[Black "j2806"]
[Result "1-0"]
[WhiteElo "2789"]
[BlackElo "2093"]
[TimeControl "180+1"]
[EndTime "10:27:35 PST"]
[Termination "siciliannaga won by resignation"]

1. e4 c5 2. Nc3 Nc6 3. f4 e6 4. Nf3 Nf6 5. e5 Ng8 6. d4 d6 7. Bb5 dxe5 8. Bxc6+ bxc6 9. dxe5 Ne7 10. Qxd8+ Kxd8 11. Ne4 Nd5 12. c4 Nb4 13. Ke2 h6 14. a3 Na6 15. Rd1+ Kc7 16. Be3 Rb8 17. Rd2 Be7 18.
Rad1 Rd8 19. Nd6 f6 20. Nh4 fxe5 21. Ng6 Bxd6 22. fxe5 Be7 23. Nxe7 Rxd2+ 24. Rxd2 Bd7 25. Ng6 Be8 26. Nf4 Bd7 27. Nd3 Rf8 28. Bxc5 Nxc5 29.
Nxc5 Bc8 30. Ke3 Rf5 31. Nd3 Rh5 32. g3 Rf5 33. Rf2 Kd7 34. Nc5+ Ke7 35. Rxf5 exf5 36.
b4 g6 37. h4 g5 38. hxg5 hxg5 39. a4 Kf7 40. b5 cxb5 41. cxb5 Ke7 42. a5 Kd8 43. b6 axb6 44. axb6 Bd7 45. b7 Kc7 46.
Nxd7 1-0

[Event "*** Titled Tuesday Blitz"]
[Site "Chess.com"]
[Date "2021.02.09"]
[Round "3"]
[White "SilviusTiberius"]
[Black "ohajek96"]
[Result "1-0"]
[WhiteElo "2498"]
[BlackElo "2253"]
[TimeControl "180+1"]
[EndTime "10:27:36 PST"]
[Termination "SilviusTiberius won by checkmate"]

1. e4 c5 2. Nf3 d6 3. d4 cxd4 4. Nxd4 Nf6 5. Nc3 Nc6 6. Bg5 e6 7. Qd2 a6 8. O-O-O Bd7 9. f3 Nxd4 10. Qxd4 b5 11. Kb1 Be7 12. h4 h6 13. Be3 h5 14.
Bg5 Rc8 15. Qd2 Qa5 16. Bd3 b4 17. Ne2 Bb5 18. Nd4 Bxd3 19. cxd3 O-O 20. Rc1 Qb6 21.
Be3 Qb7 22. Nb3 d5 23. e5 Nd7 24. f4 Ra8 25. Na5 Qb5 26. Nc6 Bd8 27. Rhg1 Rc8 28. Nd4 Qb7 29. Rxc8 Qxc8 30. g4 hxg4 31. Rxg4 Bb6 32. Qg2 g6 33. h5 Kg7 34. hxg6 Rh8 35.
gxf7+ Kxf7 36. Rg7+ Kf8 37. Nxe6+ Ke8 38. Qg6# 1-0

[Event "*** Titled Tuesday Blitz"]
[Site "Chess.com"]
[Date "2021.02.09"]
[Round "3"]
[White "bazar-wokzal"]
[Black "BvsN"]
[Result "1-0"]
[WhiteElo "2534"]
[BlackElo "2351"]
[TimeControl "180+1"]
[EndTime "10:27:37 PST"]
[Termination "bazar-wokzal won by checkmate"]

1. e4 c5 2. c3 Nf6 3. e5 Nd5 4. d4 cxd4 5. cxd4 d6 6. Bc4 e6 7. Nf3 Nc6 8. O-O Nb6 9. Bb3 dxe5 10. dxe5 Qxd1 11. Rxd1 Bd7 12. Nc3 Be7 13. Be3 Na5 14.
Nd4 Nac4 15. Bxc4 Nxc4 16. Ndb5 Nxe3 17. fxe3 Rc8 18. Nd6+ Bxd6 19. exd6 f6 20. e4 Kf7 21.
e5 fxe5 22. Rf1+ Kg6 23. Rae1 Rc5 24. Re3 h5 25. Rg3+ Kh6 26. Rf7 h4 27. Rgxg7 Bc6 28.
Rg4 Kh5 29. Rfg7 Rh7 30. R4g5+ Kh6 31. R7g6# 1-0

[Event "*** Titled Tuesday Blitz"]
[Site "Chess.com"]
[Date "2021.02.09"]
[Round "3"]
[White "kubal123"]
[Black "Vamostodorecto"]
[Result "0-1"]
[WhiteElo "2201"]
[BlackElo "2411"]
[TimeControl "180+1"]
[EndTime "10:27:37 PST"]
[Termination "Vamostodorecto won by resignation"]

1. d4 Nf6 2. c4 g6 3. Nc3 d5 4. Nf3 Bg7 5. Bf4 O-O 6. Rc1 c5 7. dxc5 dxc4 8. e3 Qa5 9. Bxc4 Qxc5 10. Bb3 Qh5 11. O-O Nc6 12. h3 e5 13. Bh2 Rd8 14. Nd2 Qh6 15. Qe2 Bxh3 16. gxh3 Qxh3 17.
Nde4 Ng4 18. Bxf7+ Kf8 19. f4 Qxh2+ 20. Qxh2 Nxh2 21. fxe5 Nxf1 22. Rxf1 Nxe5 23. Nd5 Bh6 24. Bxg6+ Kg7 25. Bf5 Rxd5 26. Nf6 Bxe3+ 27. Kg2 Rd2+ 0-1

[Event "*** Titled Tuesday Blitz"]
[Site "Chess.com"]
[Date "2021.02.09"]
[Round "3"]
[White "Willychess95"]
[Black "sergoy"]
[Result "0-1"]
[WhiteElo "2624"]
[BlackElo "2867"]
[TimeControl "180+1"]
[EndTime "10:27:40 PST"]
[Termination "sergoy won by resignation"]

1. e4 c5 2. Nf3 d6 3. d4 cxd4 4. Nxd4 Nf6 5. Nc3 a6 6. Qf3 e6 7. Be3 Qc7 8. g4 b5 9. g5 Nfd7 10. O-O-O b4 11. Nce2 Bb7 12. Bg2 Ne5 13. Qg3 Nbd7 14.
Kb1 Nc5 15. f3 Be7 16. h4 Nc4 17. Bc1 Rc8 18. h5 O-O 19. g6 Bf6 20. gxh7+ Kh8 21. Bg5 Qe7 22. Bxf6 Qxf6 23. Nc1 Na4 24. e5 dxe5 25.
Ndb3 e4 26. Nd4 Naxb2 27. fxe4 Nxd1 28. Rxd1 Na3+ 29. Ka1 Nxc2+ 0-1

[Event "*** Titled Tuesday Blitz"]
[Site "Chess.com"]
[Date "2021.02.09"]
[Round "3"]
[White "Vugar_Manafov"]
[Black "BilodeauA"]
[Result "0-1"]
[WhiteElo "2648"]
[BlackElo "2892"]
[TimeControl "180+1"]
[EndTime "10:27:43 PST"]
[Termination "BilodeauA won by resignation"]

1. Nf3 d5 2. g3 Nc6 3. Bg2 e5 4. O-O Nf6 5. d3 Bc5 6. Nc3 d4 7. Nb1 O-O 8. a3 a5 9. c3 Re8 10. Nbd2 h6 11. Rb1 a4 12. Qc2 Bf8 13. Nc4 Bf5 14. Nfd2 Qd7 15. Ne4 Nxe4 16. dxe4 Be6 17.
Nd2 dxc3 18. bxc3 Na5 19. f4 f6 20. fxe5 fxe5 21. Nf3 Nc4 22. Rxb7 Qc6 23. Rb1 Bxa3 24. Nh4 Bxc1 25. Qxc1 Qc5+ 26. Kh1 Qe3 27. Qe1 Nd2 28. Nf5 Bxf5 29. exf5 e4 30. f6 Rf8 31. f7+ Kh8 32. Rb4 Nxf1 33. Qxf1 a3 34. Rxe4 Qxc3 35. Qf5 Qa1+ 36.
Bf1 Qf6 0-1

[Event "*** Titled Tuesday Blitz"]
[Site "Chess.com"]
[Date "2021.02.09"]
[Round "3"]
[White "J36225"]
[Black "Sharpchess22"]
[Result "0-1"]
[WhiteElo "2479"]
[BlackElo "2713"]
[TimeControl "180+1"]
[EndTime "10:27:43 PST"]
[Termination "Sharpchess22 won by resignation"]

1. e4 d6 2. Nf3 g6 3. d4 Bg7 4. Nc3 Nf6 5. h3 O-O 6. Bc4 Nxe4 7. Nxe4 d5 8. Bxd5 Qxd5 9. Nc3 Qc4 10. Qe2 Qxe2+ 11.
Nxe2 Bf5 12. c3 Be4 13. Bf4 Bxf3 14. gxf3 Rc8 15. O-O-O Nd7 16. Ng3 c6 17. Ne4 h6 18.
Nc5 Nxc5 19. dxc5 e5 20. Be3 Rd8 21. f4 e4 22. f5 gxf5 23. Rdg1 Kh7 24. Rg2 Rd5 25.
Rhg1 Be5 26. Bd4 Rxd4 27. cxd4 Bxd4 28. Rd1 Rd8 29. Kc2 a5 30. a3 a4 31. b4 axb3+ 32. Kxb3 Rd5 33. Rh2 Bxc5 34. Rxd5 cxd5 35. Rh1 Bxf2 36.
Rf1 e3 0-1

[Event "*** Titled Tuesday Blitz"]
[Site "Chess.com"]
[Date "2021.02.09"]
[Round "3"]
[White "Rodalquilar"]
[Black "amatatanav"]
[Result "1-0"]
[WhiteElo "2674"]
[BlackElo "2426"]
[TimeControl "180+1"]
[EndTime "10:27:48 PST"]
[Termination "Rodalquilar won by resignation"]

1. d4 Nf6 2. Bf4 e6 3. e3 b6 4. Nd2 Bb7 5. Ngf3 Be7 6. h3 O-O 7. Bd3 c5 8. c3 d5 9. O-O Nbd7 10. Qe2 Ne4 11. Rfe1 Nxd2 12. Qxd2 Nf6 13. Rad1 a5 14. Qe2 c4 15. Bc2 b5 16. Nd2 b4 17. e4 a4 18.
e5 Nd7 19. cxb4 Bxb4 20. a3 Be7 21. Qh5 g6 22. Qg4 c3 23. bxc3 Bxa3 24. Nf3 Be7 25. h4 Re8 26. h5 Nf8 27. hxg6 hxg6 28. g3 a3 29. Kg2 a2 30. Ra1 Nh7 31. Bxg6 fxg6 32.
Qxg6+ Kh8 33. Rh1 Bh4 34. Rxh4 Re7 35. Bg5 Rg7 36. Bf6 Qxf6 37. Qxf6 1-0

[Event "*** Titled Tuesday Blitz"]
[Site "Chess.com"]
[Date "2021.02.09"]
[Round "3"]
[White "AlexOstrovskiy"]
[Black "Gulkov_Igor"]
[Result "1-0"]
[WhiteElo "2768"]
[BlackElo "2501"]
[TimeControl "180+1"]
[EndTime "10:27:51 PST"]
[Termination "AlexOstrovskiy won by resignation"]

1. d4 Nf6 2. Bf4 g6 3. Nc3 d5 4. e3 Bg7 5. h4 h5 6. Nf3 Bg4 7.
Qd2 Bxf3 8. gxf3 c6 9. e4 e6 10. O-O-O Nbd7 11. Kb1 a5 12. Re1 Qb6 13. Rg1 Bf8 14. Bg5 Be7 15. Bh3 a4 16. Qd3 a3 17.
b3 Qa6 18. Qe3 Bb4 19. Rd1 Bxc3 20. Qxc3 dxe4 21. d5 Nxd5 22. Qxh8+ 1-0

[Event "*** Titled Tuesday Blitz"]
[Site "Chess.com"]
[Date "2021.02.09"]
[Round "3"]
[White "kidagent"]
[Black "AurumO"]
[Result "1-0"]
[WhiteElo "2271"]
[BlackElo "1894"]
[TimeControl "180+1"]
[EndTime "10:27:51 PST"]
[Termination "kidagent won by resignation"]

1. e4 c5 2. Nf3 Nc6 3. d4 cxd4 4.
Nxd4 g6 5. Nc3 Bg7 6. Be3 Nf6 7.
Bc4 O-O 8. O-O d6 9. h3 Bd7 10. Qd2 Rc8 11. Bb3 Na5 12. Rae1 Nc4 13. Bxc4 Rxc4 14.
f4 Qc7 15. Qd3 a6 16. e5 Ne8 17. Nd5 Rxd4 18. Bxd4 Bb5 19. Nxc7 Bxd3 20. Nxe8 Bxf1 21. Nxg7 Bb5 22. exd6 exd6 23. f5 Bc4 24. b3 Bb5 25. c4 Bc6 26. Re7 Rd8 27. h4 d5 28. c5 Rf8 29. h5 Rd8 30. hxg6 hxg6 31. fxg6 fxg6 32. Ne6 1-0

[Event "*** Titled Tuesday Blitz"]
[Site "Chess.com"]
[Date "2021.02.09"]
[Round "3"]
[White "JasperBeukema"]
[Black "ajedrez1101"]
[Result "1-0"]
[WhiteElo "2319"]
[BlackElo "2072"]
[TimeControl "180+1"]
[EndTime "10:27:54 PST"]
[Termination "JasperBeukema won on time"]

1. d4 b6 2. c4 Bb7 3. Nc3 e6 4. Nf3 Bb4 5. g3 Nf6 6. Bg2 O-O 7. O-O Bxc3 8. bxc3 d6 9. c5 Nbd7 10. cxd6 cxd6 11.
Ba3 Qc7 12. Rc1 b5 13. Qd3 a6 14. c4 Be4 15. Qb3 bxc4 16. Rxc4 Qb6 17. Rfc1 Bd5 18.
Qxb6 Nxb6 19. Rc7 Rfc8 20. Bxd6 Rxc7 21. Rxc7 Nc4 22. Bf4 Ne4 23. Ne5 Ned6 24. Nxc4 1-0

[Event "*** Titled Tuesday Blitz"]
[Site "Chess.com"]
[Date "2021.02.09"]
[Round "3"]
[White "2nd_life"]
[Black "GadimbayliA"]
[Result "0-1"]
[WhiteElo "2462"]
[BlackElo "2855"]
[TimeControl "180+1"]
[EndTime "10:27:55 PST"]
[Termination "GadimbayliA won by resignation"]

1. e4 e5 2. f4 d5 3. exd5 e4 4. d3 Nf6 5. dxe4 Nxe4 6. Nf3 Bc5 7. Qe2 f5 8. Be3 Bd6 9. Nbd2 O-O 10. Nxe4 fxe4 11. Ne5 Nd7 12. O-O-O Nxe5 13. fxe5 Bxe5 14. Bd4 Bxd4 15. Rxd4 Bf5 16. Qe3 Qd6 17. Be2 Rae8 18. h4 h6 19. Rd2 Bh7 20. g3 a6 21. a3 Kh8 22. Rf1 Rxf1+ 23. Bxf1 Re5 24. c4 Rf5 25. Be2 b6 26. b4 Qf6 27. Qd4 e3 28. Rd3 Rf1+ 29.
Kc2 Qxd4 0-1

[Event "*** Titled Tuesday Blitz"]
[Site "Chess.com"]
[Date "2021.02.09"]
[Round "3"]
[White "AryanTari"]
[Black "Alonmindlin"]
[Result "0-1"]
[WhiteElo "2894"]
[BlackElo "2678"]
[TimeControl "180+1"]
[EndTime "10:27:56 PST"]
[Termination "Alonmindlin won on time"]

1. c4 Nf6 2. Nc3 e5 3. Nf3 Nc6 4. d3 Bb4 5. Bd2 O-O 6. g3 Re8 7. Bg2 d6 8. O-O a5 9. Nd5 Bxd2 10. Nxd2 Bg4 11. h3 Bd7 12. e3 Rb8 13. a3 b5 14.
Nxf6+ Qxf6 15. cxb5 Rxb5 16. Rc1 d5 17. a4 Rxb2 18.
Bxd5 Nb4 19. Bg2 Qh6 20. Rxc7 Bxh3 21. Bxh3 Qxh3 22. Nc4 Nd5 23. Rxf7 Nc3 24. Nxb2 Nxd1 25. Rb7 Nxb2 26. Rxb2 h5 27. Rc1 h4 28. Rc7 hxg3 29. f3 Qh6 30. e4 Kh7 31. Rf7 Rb8 0-1

[Event "*** Titled Tuesday Blitz"]
[Site "Chess.com"]
[Date "2021.02.09"]
[Round "3"]
[White "anantone"]
[Black "Tenamu"]
[Result "1-0"]
[WhiteElo "2593"]
[BlackElo "2400"]
[TimeControl "180+1"]
[EndTime "10:27:56 PST"]
[Termination "anantone won by checkmate"]

1. c4 e5 2. g3 Nc6 3. Bg2 Bc5 4. e3 d6 5. Nc3 a6 6. Nf3 f5 7. d4 exd4 8. exd4 Ba7 9. O-O Nge7 10. d5 Ne5 11. Re1 O-O 12. Nxe5 dxe5 13. Rxe5 Ng6 14.
Re1 f4 15. Rf1 fxg3 16. hxg3 Bf5 17. Be3 Bxe3 18. fxe3 Qg5 19. Qe1 Ne5 20. Ne4 Bxe4 21. Bxe4 Rxf1+ 22. Kxf1 Rf8+ 23. Kg2 Qg4 24. Bc2 Qxc4 25.
Rc1 Nf3 26. Bxh7+ Kxh7 27. Qh1+ Nh4+ 28. Qxh4+ Qxh4 29. gxh4 Rf7 30. Kg3 Kg6 31. e4 Re7 32.
Kf4 Kf6 33. Rg1 c6 34. d6 Rf7 35. e5+ Ke6+ 36. Ke4 Kd7 37. h5 c5 38. Kd5 Kd8 39.
Rg5 b5 40. e6 Rf1 41. Rxg7 Rd1+ 42. Kc6 Rc1 43. Rg8# 1-0

[Event "*** Titled Tuesday Blitz"]
[Site "Chess.com"]
[Date "2021.02.09"]
[Round "3"]
[White "The_filthy"]
[Black "Sergey85Rodchenkov"]
[Result "1-0"]
[WhiteElo "2284"]
[BlackElo "2490"]
[TimeControl "180+1"]
[EndTime "10:27:56 PST"]
[Termination "The_filthy won by resignation"]

1. e4 c5 2. Nf3 d6 3. d4 cxd4 4. Nxd4 Nf6 5. Nc3 a6 6. Be3 e5 7.
Nb3 Be6 8. f3 b5 9. Qd2 Qc7 10.
O-O-O Be7 11. g4 O-O 12. g5 b4 13. Ne2 Nfd7 14. Kb1 a5 15. Ng3 a4 16. Nc1 Nc6 17.
h4 Rfd8 18. Nf5 Bf8 19. h5 Nc5 20. g6 hxg6 21. hxg6 fxg6 22. Nh4 Qd7 23. Nxg6 b3 24. a3 bxc2+ 25. Qxc2 Nd4 26. Bxd4 exd4 27. Bc4 Rdc8 28. Nxf8 Kxf8 29. Bxe6 Nxe6 30. Qg2 Rab8 31. Nd3 Qf7 32. f4 Ke7 33. f5 Nc5 34. Nxc5 dxc5 35. Qg5+ Qf6 36.
Qf4 Kd7 37. e5 Qb6 38. Rd2 Kc6 39. Rg1 Rc7 40. Rg6+ Kb5 41. Rxb6+ Rxb6 42. e6 Ka6 43. Qxc7 1-0

[Event "*** Titled Tuesday Blitz"]
[Site "Chess.com"]
[Date "2021.02.09"]
[Round "3"]
[White "chescomhuynya"]
[Black "Skat2704"]
[Result "1-0"]
[WhiteElo "2478"]
[BlackElo "2514"]
[TimeControl "180+1"]
[EndTime "10:27:57 PST"]
[Termination "chescomhuynya won by checkmate"]

1. e4 c5 2. Nf3 Nc6 3. d4 cxd4 4. Nxd4 Nf6 5. Nc3 e6 6. Ndb5 Bb4 7. a3 Bxc3+ 8. Nxc3 d5 9. Bd3 O-O 10. O-O d4 11. Ne2 e5 12. h3 Re8 13. Ng3 h6 14. f4 exf4 15. Bxf4 Nd7 16. Qh5 Qa5 17. Nf5 Nf8 18. Bxh6 Bxf5 19. Rxf5 g6 20. Rxa5 gxh5 21. Rxh5 Ng6 22. Rf1 Nce5 23. Rhf5 Rac8 24. R1f2 Re7 25. Bg5 Rd7 26. Bf6 Nxd3 27. cxd3 Rc1+ 28.
Kh2 Rd1 29. R5f3 b5 30. h4 Nf8 31. Rg3+ Kh7 32. Rf5 Ng6 33. Rh5+ Kg8 34. Rh8# 1-0

[Event "*** Titled Tuesday Blitz"]
[Site "Chess.com"]
[Date "2021.02.09"]
[Round "3"]
[White "Nachsueb"]
[Black "andriipalchuk"]
[Result "0-1"]
[WhiteElo "2184"]
[BlackElo "2567"]
[TimeControl "180+1"]
[EndTime "10:27:59 PST"]
[Termination "andriipalchuk won by resignation"]

1. d4 Nf6 2. c4 e6 3. Nc3 Bb4 4. e3 O-O 5. Bd3 d5 6. Ne2 c5 7.
O-O Nc6 8. a3 Bxc3 9. bxc3 dxc4 10. Bxc4 Qc7 11. Ba2 Rd8 12. Ng3 e5 13. d5 Na5 14. c4 b6 15. Qc2 Nb7 16. Bb2 Re8 17.
e4 Nd6 18. f4 Nd7 19. f5 f6 20. Rae1 Rb8 21. a4 a6 22. h4 Kh8 23. h5 h6 24. Qc1 b5 25. Rf3 bxc4 26. Bxc4 Nxc4 27.
Qxc4 Rxb2 28. Nf1 Qa5 29. Rd1 Qb4 30. Qd3 Qd4+ 31. Kh2 Qxd3 32. Rfxd3 Rb4 33. Re3 a5 34. Nd2 Ba6 35. Nf3 Kg8 36. Nh4 Kf7 37. Ng6 Reb8 38. g4 Rb2+ 39. Kh3 R8b3 40. Re1 c4 41. Nh8+ Kg8 42.
Ng6 Rxe3+ 43. Rxe3 Rb3 44. Ne7+ Kf7 0-1

[Event "*** Titled Tuesday Blitz"]
[Site "Chess.com"]
[Date "2021.02.09"]
[Round "3"]
[White "Twitch_ElhamBlitz05"]
[Black "Taran2004"]
[Result "1-0"]
[WhiteElo "2746"]
[BlackElo "2452"]
[TimeControl "180+1"]
[EndTime "10:27:59 PST"]
[Termination "Twitch_ElhamBlitz05 won by resignation"]

1. e4 c5 2. Nf3 d6 3. d4 cxd4 4. Nxd4 Nf6 5. Nc3 a6 6. Bc4 e6 7. Bb3 Be7 8. O-O Nc6 9. Kh1 O-O 10. f4 Nxd4 11. Qxd4 b5 12. f5 e5 13. Qd3 Bb7 14. a3 Rc8 15. Bg5 Rxc3 16. bxc3 Bxe4 17. Qg3 Kh8 18. Qh4 Qa8 19. Rf2 Rc8 20. Bxf7 Rxc3 21. Bg6 h6 22. Re1 Bd5 23. Bd2 Ne4 24. f6 Bxf6 25. Rxf6 Nxf6 26. Bxc3 Bxg2+ 27. Kg1 Qc6 28.
Bd2 Bd5 29. Bxh6 gxh6 30. Qxf6+ Kg8 31. Bd3 Qc5+ 32. Qf2 Qxf2+ 33. Kxf2 1-0